Workbook

Sheet Orçamento
A2: Proprietário: Prefeitura Municipal de Caçapava do Sul
A3: Obra: Ponte da Vila Sul 12 m de comp. X 6 m larg.
A4: Local: Ponte da Vila Sul | C4: ÁREA : 105,00 m².
A5: Área: 72 m² Pista de Rolamento ( Tabuleiro)
A6: PLANILHA ORÇAMENTÁRIA
A7: ITEM | B7: SERVIÇOS | C7: QUANT | D7: UNID | E7: MATERIAL | G7: MÃO DE OBRA | I7: TOTAL | J7: CODIGO | K7: SINAPI
E8: UNIT | F8: TOTAL | G8: UNIT | H8: TOTAL
A9: 1.0 | B9: SERVIÇOS INICIAIS
A10: 1.1 | B10: Barracão de obra | C10: 10 | D10: m² | E10: 313.03 | F10: =SUM(C10*E10) -> 3130.3 | G10: 98.85 | H10: =SUM(C10*G10) -> 988.5 | I10: =SUM(F10+H10) -> 4118.8 | J10: 74.210/001 | K10: 313.03
A11: 1.2 | B11: Placa de Obra | C11: 2.5 | D11: m² | E11: 220.13 | F11: =SUM(C11*E11) -> 550.325 | G11: 69.51 | H11: =SUM(C11*G11) -> 173.775 | I11: =SUM(F11+H11) -> 724.1 | J11: 74.209/001 | K11: 220.13
A12: 1.3 | B12: Locação da obra | C12: 240 | D12: m² | E12: 7.57 | F12: =SUM(C12*E12) -> 1816.8 | G12: 2.39 | H12: =SUM(C12*G12) -> 573.6 | I12: =SUM(F12+H12) -> 2390.4 | J12: 73.992/001 | K12: 7.57
A13: 1.4 | B13: Mobilização e Desmobilização | C13: 1 | D13: unid. | E13: 0 | F13: =SUM(C13*E13) -> 0 | G13: 26004.85 | H13: =SUM(C13*G13) -> 26004.85 | I13: =SUM(F13+H13) -> 26004.85 | J13: Composição 1
B14: Total do Item | F14: =SUM(F10:F13) -> 5497.425 | H14: =SUM(H10:H13) -> 27740.725 | I14: =SUM(I10:I13) -> 33238.15
A15: 2.0 | B15: MOVIMENTO DE TERRA
A16: 2.1 | B16: Escavação mecânica de solo 2ª categoria ate 2,00m | C16: 119.6 | D16: m³ | E16: 9.32 | F16: =SUM(C16*E16) -> 1114.672 | G16: 2.95 | H16: =SUM(C16*G16) -> 352.82 | I16: =SUM(F16+H16) -> 1467.492 | J16: 72915 | K16: 9.88
A17: 2.2 | B17: Escavação mecânica de solo 2ª categoria de 2,01m a 4,00m | C17: 23.5 | D17: m³ | E17: 10.66 | F17: =SUM(C17*E17) -> 250.51 | G17: 3.37 | H17: =SUM(C17*G17) -> 79.195 | I17: =SUM(F17+H17) -> 329.705 | J17: 72917 | K17: 11.29
B18: Total do Item | F18: =SUM(F16:F17) -> 1365.182 | H18: =SUM(H16:H17) -> 432.015 | I18: =SUM(I16:I17) -> 1797.197
A19: 3.0 | B19: INFRA-ESTRUTURA
A20: 3.1 | B20: Perfuração em rocha d=46mm | C20: 201 | D20: m | E20: 62.08 | F20: =SUM(C20*E20) -> 12478.08 | G20: 19.6 | H20: =SUM(C20*G20) -> 3939.6 | I20: =SUM(F20+H20) -> 16417.68 | J20: 74.163/002 | K20: 65.75
A21: 3.2 | B21: Colocação de pinos em rocha d=20mm | C21: 201 | D21: m | E21: 89.14 | F21: =SUM(C21*E21) -> 17917.14 | G21: 21.97 | H21: =SUM(C21*G21) -> 4415.97 | I21: =SUM(F21+H21) -> 22333.11 | J21: Composição 2 | K21: 89.14
A22: 3.3 | B22: Tubulão a céu aberto Ø 100 cm | C22: 10 | D22: und | E22: 5630 | F22: =SUM(C22*E22) -> 56300 | G22: 523.99 | H22: =SUM(C22*G22) -> 5239.9 | I22: =SUM(F22+H22) -> 61539.9 | J22: Composição 3 | K22: 5630
A23: 3.4 | B23: Viga de fundação em concreto armado | C23: 18.1 | D23: m³ | E23: 2890 | F23: =SUM(C23*E23) -> 52309 | G23: 524.75 | H23: =SUM(C23*G23) -> 9497.975 | I23: =SUM(F23+H23) -> 61806.975 | J23: Composição 4 | K23: 2890
F24: =SUM(F20:F23) -> 139004.22 | H24: =SUM(H20:H23) -> 23093.445 | I24: =SUM(I20:I23) -> 162097.67
A25: 4.0 | B25: MESO-ESTRUTURA
A26: 4.1 | B26: Pilar em concreto 0,20x0,50x4,70 | C26: 4.6 | D26: m³ | E26: 3669.8 | F26: =SUM(C26*E26) -> 16881.08 | G26: 543.3 | H26: =SUM(C26*G26) -> 2499.18 | I26: =SUM(F26+H26) -> 19380.26 | J26: Composição 5 | K26: 3669.8
A27: 4.3 | B27: Viga de fechamento de apoio da longarina e enchimento dos vão | C27: 7 | D27: m³ | E27: 1567.49 | F27: =SUM(C27*E27) -> 10972.43 | G27: 495 | H27: =SUM(C27*G27) -> 3465 | I27: =SUM(F27+H27) -> 14437.43 | J27: Composição 8 | K27: 1567.49
A28: 4.4 | B28: Cortina em concreto armado | C28: 37.33 | D28: m³ | E28: 1482.65 | F28: =SUM(C28*E28) -> 55347.325 | G28: 314.59 | H28: =SUM(C28*G28) -> 11743.645 | I28: =SUM(F28+H28) -> 67090.969 | J28: Composição 6 | K28: 1482.65
F29: =SUM(F26:F28) -> 83200.834 | H29: =SUM(H26:H28) -> 17707.825 | I29: =SUM(I26:I28)+0.01 -> 100908.67
A30: 5.0 | B30: SUPER-ESTRUTURA
A31: 5.1 | B31: Longarinas concr. armado 0,30x1,10x19,00m * | C31: 5 | D31: unid | E31: 27504.4 | F31: =SUM(C31*E31) -> 137522 | G31: 5592.16 | H31: =SUM(C31*G31) -> 27960.8 | I31: =SUM(F31+H31) -> 165482.8 | J31: Composição 7 | K31: 27504.4
A32: 5.3 | B32: Concreto armado viga de fundação | C32: 2.32 | D32: m³ | E32: 1672.41 | F32: =SUM(C32*E32) -> 3879.9912 | G32: 705.25 | H32: =SUM(C32*G32) -> 1636.18 | I32: =SUM(F32+H32) -> 5516.1712 | J32: Composição 8 | K32: 1672.41
A33: 5.4 | B33: Vigotes treliçados | C33: 384 | D33: m | E33: 47.99 | F33: =SUM(C33*E33) -> 18428.16 | G33: 17.7 | H33: =SUM(C33*G33) -> 6796.8 | I33: =SUM(F33+H33) -> 25224.96 | J33: Composição 9 | K33: 47.99
A34: 5.5 | B34: Transporte vigotes até a obra | C34: 350 | D34: txkm | E34: 0 | F34: =SUM(C34*E34) -> 0 | G34: 8.68 | H34: =SUM(C34*G34) -> 3038 | I34: =SUM(F34+H34) -> 3038 | J34: composição10 | K34: 0.68
A35: 5.6 | B35: Concreto aparente; fck=25MPa "in loco"( tabuleiro) | C35: 14.4 | D35: m³ | E35: 1822.32 | F35: =SUM(C35*E35) -> 26241.408 | G35: 234.38 | H35: =SUM(C35*G35) -> 3375.072 | I35: =SUM(F35+H35) -> 29616.48 | J35: Composição 12 | K35: 1822.32
A36: 5.7 | B36: Montagem das longarinas com guindaste auto-propelido | C36: 20 | D36: horas | E36: 550 | F36: =PRODUCT(C36,E36) -> 11000 | G36: 150 | H36: =PRODUCT(G36,C36) -> 3000 | I36: =SUM(F36+H36) -> 14000 | J36: 10807 | K36: 550
A37: 5.8 | B37: Guarda-Roda em concreto armado | C37: 8 | D37: m³ | E37: 2750 | F37: =SUM(C37*E37) -> 22000 | G37: 449.66 | H37: =SUM(C37*G37) -> 3597.28 | I37: =SUM(F37+H37) -> 25597.28 | J37: Composição 13 | K37: 1508.1414
B38: Total do Item | F38: =SUM(F31:F37) -> 219071.56 | H38: =SUM(H31:H37) -> 49404.132 | I38: =SUM(I31:I37) -> 268475.69
B39: TOTAL ORÇAMENTO | F39: =F14+F18+F24+F29+F38 -> 448139.22 | H39: =H14+H18+H24+H29+H38 -> 118378.14 | I39: =I14+I18+I24+I29+I38 -> 566517.37
B41: *As longarinas serão executadas no local da obra aterros da cabeceira será executado pela Prefeitura
B42: As planilhas de referência dos custos do SINAPI utilizadas, são as do mês de setembro de 2025
B44: Caçapava do Sul, 21 de outubro de 2025
B46: _______________________________
B47: Paulo Ricardo Zago Nogara
B48: Eng.° Civil
B49: CREA/RS: 70.065

Sheet Cronograma
A1: =Orçamento!A2 -> Proprietário: Prefeitura Municipal de Caçapava do Sul
A2: =Orçamento!A3 -> Obra: Ponte da Vila Sul 12 m de comp. X 6 m larg.
A3: =Orçamento!A4 -> Local: Ponte da Vila Sul
A4: =Orçamento!A5 -> Área: 72 m² Pista de Rolamento ( Tabuleiro)
A6: CRONOGRAMA FISICO-FINANCEIRO
A7: ITEM | B7: SERVIÇOS | C7: 1° ETAPA | D7: % | E7: 2° ETAPA | F7: % | G7: 3° ETAPA | H7: % | I7: 4° ETAPA | J7: % | K7: TOTAL | L7: %
A8: 1.0 | B8: SERVIÇOS INICIAIS | C8: =K8*D8 -> 33238.15 | D8: 1 | E8: =K8*F8 -> 0 | F8: 0 | G8: =H8*K8 -> 0 | H8: 0 | I8: =J8*K8 -> 0 | J8: 0 | K8: =Orçamento!I14 -> 33238.15 | L8: =K8/K14 -> 0.058671016
A9: 2.0 | B9: =Orçamento!B15 -> MOVIMENTO DE TERRA | C9: =K9*D9 -> 1797.197 | D9: 1 | E9: =K9*F9 -> 0 | F9: 0 | G9: =H9*K9 -> 0 | H9: 0 | I9: =J9*K9 -> 0 | J9: 0 | K9: =Orçamento!I18 -> 1797.197 | L9: =K9/K14 -> 0.0031723599
A10: 3.0 | B10: =Orçamento!B19 -> INFRA-ESTRUTURA | C10: =K10*D10 -> 0 | D10: 0 | E10: =K10*F10 -> 97258.599 | F10: 0.6 | G10: =H10*K10 -> 64839.066 | H10: 0.4 | I10: =J10*K10 -> 0 | J10: 0 | K10: =Orçamento!I24 -> 162097.67 | L10: =K10/K14 -> 0.28613009
A11: 4.0 | B11: =Orçamento!B25 -> MESO-ESTRUTURA | C11: =K11*D11 -> 0 | D11: 0 | E11: =K11*F11 -> 60545.202 | F11: 0.6 | G11: =H11*K11 -> 40363.468 | H11: 0.4 | I11: =J11*K11 -> 0 | J11: 0 | K11: =Orçamento!I29 -> 100908.67 | L11: =K11/K14 -> 0.17812105
A12: 5.0 | B12: =Orçamento!B30 -> SUPER-ESTRUTURA | C12: =K12*D12 -> 0 | D12: 0 | E12: =K12*F12 -> 0 | F12: 0 | G12: =H12*K12 -> 107390.28 | H12: 0.4 | I12: =J12*K12 -> 161085.41 | J12: 0.6 | K12: =Orçamento!I38 -> 268475.69 | L12: =K12/K14 -> 0.47390549
B13: TOTAL ETAPA | C13: =SUM(C8:C12) -> 35035.347 | D13: =C13/K14 -> 0.061843376 | E13: =SUM(E8:E12) -> 157803.8 | F13: =E13/K14 -> 0.27855068 | G13: =SUM(G8:G12) -> 212592.81 | H13: =G13/K14 -> 0.37526265 | I13: =SUM(I8:I12) -> 161085.41 | J13: =I13/K14 -> 0.28434329 | K13: =SUM(K8:K12) -> 566517.37 | L13: =SUM(L8:L12) -> 1
B14: TOTAL ORÇAMENTO | C14: =C13 -> 35035.347 | D14: =D13 -> 0.061843376 | E14: =C14+E13 -> 192839.15 | F14: =D14+F13 -> 0.34039406 | G14: =E14+G13 -> 405431.96 | H14: =F14+H13 -> 0.71565671 | I14: =G14+I13 -> 566517.37 | J14: =H14+J13 -> 1 | K14: =Orçamento!I39 -> 566517.37 | L14: =L8+L9+L10+L11+L12 -> 1
B17: Caçapava do Sul, 22 de outubro de 2025
B19: _________________________
B20: Paulo Ricardo Zago Nogara
B21: Eng.° Civil
B22: CREA/RS: 70.065

Sheet BDI
A1: =Orçamento!A2 -> Proprietário: Prefeitura Municipal de Caçapava do Sul
A2: =Orçamento!A3 -> Obra: Ponte da Vila Sul 12 m de comp. X 6 m larg.
A3: =Orçamento!A4 -> Local: Ponte da Vila Sul
A4: =Orçamento!A5 -> Área: 72 m² Pista de Rolamento ( Tabuleiro)
A5: PARÂMETROS DO BDI
A7: Siglas | B7: % Adotado | C7: Situação | D7: Intervalo de admissibilidade
D8: 1º Quartil | E8: Médio | F8: 3º Quartil
A9: =IF($D$11=$A$47,"Administração Central da empresa ou consultoria - overhead","Seguro e Garantia") -> Seguro e Garantia | B9: 0.0467 | C9: - | D9: 0.038 | E9: 0.0401 | F9: 0.0467
A10: =IF($D$11=$A$47,"","Risco") -> Risco | B10: 0.0074 | C10: - | D10: 0.0032 | E10: 0.004 | F10: 0.0074
A11: =IF($D$11=$A$47,"","Despesas Financeiras") -> Despesas Financeiras | B11: 0.0097 | C11: - | D11: 0.005 | E11: 0.0056 | F11: 0.0097
A12: =IF($D$11=$A$47,"Margem bruta da empresa de consultoria","Lucro") -> Lucro | B12: 0.0121 | C12: - | D12: 0.0102 | E12: 0.0111 | F12: 0.0121
A13: Tributos (impostos COFINS 3%, e PIS 0,65%) | B13: 0.0869 | C13: - | D13: 0.0664 | E13: 0.073 | F13: 0.0869
A14: Tributos (ISS, variável de acordo com o município) | B14: 0.035 | C14: - | D14: 0.0365 | E14: 0.0365 | F14: 0.0365
A15: Tributos (Contribuição Previdenciária - 0% ou 4,5%, conforme Lei 12.844/2013 - Desoneração) | B15: 0.0445 | C15: - | D15: 0 | E15: 0.025 | F15: 0.05
A16: CPRB | B16: 0 | C16: OK | D16: 0 | E16: 0.045 | F16: 0.045
A17: TOTAL BDI | B17: 0.2423 | C17: OK | D17: 0.196 | E17: 0.2097 | F17: 0.2423
A20: Caçapava do Sul, 22 de outubro de 2025
A23: ______________________________________
A24: Paulo Ricardo Zago Nogara
A25: Eng.° Civil
A26: CREA/RS: 70.065

Sheet Composições
A1: PLANILHAS DE COMPOSIÇÃO DE CUSTOS-PONTE VILA SUL
A2: Composição 1 - Mobilização e Desmobilização | G2: UNIDADE : m | J2: CÓDIGO | K2: VALOR
A3: ITEM | B3: DISCRIMINAÇÃO | C3: QUANT | D3: UNID | E3: MATERIAL | G3: MÃO DE OBRA | I3: TOTAL | J3: SINAPI | K3: SINAPI
E4: UNIT | F4: TOTAL | G4: UNIT | H4: TOTAL | J4: 45931 | K4: S/BDI
A5: 1. | B5: EQUIPAMENTOS:
A6: 1.1 | B6: Grupo gerador 60/66 KVA 85HP | C6: 165 | D6: h | E6: 79.02 | F6: =PRODUCT(C6:E6) -> 13038.3 | G6: 0 | H6: =PRODUCT(G6,C6) -> 0 | I6: =SUM(F6+H6) -> 13038.3 | J6: 93425 | K6: 79.02
A7: 1.2 | B7: Escavadeira hidraulica | C7: 20 | D7: h | E7: 263.43 | F7: =PRODUCT(E7,C7) -> 5268.6 | G7: 0 | H7: =PRODUCT(G7,C7) -> 0 | I7: =SUM(F7+H7) -> 5268.6 | J7: 88907 | K7: 263.48
A8: 1.3 | B8: Motor-bomba diesel p/drenar agua suja 6HP | C8: 50 | D8: h | E8: 25 | F8: =PRODUCT(E8,C8) -> 1250 | G8: 0 | H8: =PRODUCT(G8,C8) -> 0 | I8: =SUM(F8+H8) -> 1250 | J8: 7047 | K8: 25
A9: 1.4 | B9: Vibrador imersão motor elétrico 2 CV | C9: 70 | D9: h | E9: =K9 -> 1.31 | F9: =SUM(C9*E9) -> 91.7 | G9: 0 | H9: =PRODUCT(G9,C9) -> 0 | I9: =SUM(F9+H9) -> 91.7 | J9: 10487 | K9: 1.31
A10: 1.5 | B10: Compressor Atlas/Copco 250 a 275 PCM | C10: 54.5 | D10: h | E10: 79.02 | F10: =SUM(C10*E10) -> 4306.59 | G10: 0 | H10: =PRODUCT(G10,C10) -> 0 | I10: =SUM(F10+H10) -> 4306.59 | J10: 90972 | K10: 79.02
A11: 1.6 | B11: Martelete/rompedor Atlas-Copco | C11: 55 | D11: h | E11: 38.61 | F11: =SUM(C11*E11) -> 2123.55 | G11: 0 | H11: =PRODUCT(G11,C11) -> 0 | I11: =SUM(F11+H11) -> 2123.55 | J11: 5795 | K11: 38.61
A12: 1.7 | B12: Betoneira 320 litros motor elétrico 2 CV | C12: 160 | D12: h | E12: 4.23 | F12: =PRODUCT(E12,C12) -> 676.8 | G12: 0 | H12: =PRODUCT(G12,C12) -> 0 | I12: =SUM(F12+H12) -> 676.8 | J12: 87444 | K12: 4.23
B13: Total do Item | F13: =SUM(F6:F12) -> 26755.54 | I13: =SUM(I6:I12) -> 26755.54
B14: CUSTO TOTAL | I14: =SUM(I13) -> 26755.54
B15: VALOR DO BDI UTILIZADO | I15: 0.2423
B16: CUSTO TOTAL C/ BDI | I16: =I14+(I14*I15) -> 33238.407
A19: Composição 2 - Colocação de pinos em rocha d=20,00mm | G19: UNIDADE : m | J19: CÓDIGO | K19: VALOR
A20: ITEM | B20: DISCRIMINAÇÃO | C20: QUANT | D20: UNID | E20: MATERIAL | G20: MÃO DE OBRA | I20: TOTAL | J20: SINAPI | K20: SINAPI
E21: UNIT | F21: TOTAL | G21: UNIT | H21: TOTAL | J21: 45931 | K21: S/BDI
A22: 1.0 | B22: MATERIAL
A23: 1.1 | B23: Cimento | C23: 5 | D23: kg | E23: 0.9 | F23: =PRODUCT(C23:E23) -> 4.5 | G23: 0 | H23: 0 | I23: =SUM(F23+H23) -> 4.5 | J23: 34753 | K23: 0.9
A24: 1.2 | B24: Areia média | C24: 0.14 | D24: m³ | E24: 100 | F24: =PRODUCT(E24,C24) -> 14 | G24: 0 | H24: =PRODUCT(G24,C24) -> 0 | I24: =SUM(F24+H24) -> 14 | J24: 370 | K24: 100
A25: 1.3 | B25: Ferro Ø 3/4" (20,00 mm) CA-50 | C25: 2.47 | D25: kg | E25: 9.25 | F25: =PRODUCT(E25,C25) -> 22.8475 | G25: 0 | H25: =PRODUCT(G25,C25) -> 0 | I25: =SUM(F25+H25) -> 22.8475 | J25: 43055 | K25: 9.25
B26: Total do Item | F26: =SUM(F23:F25) -> 41.3475 | I26: =SUM(I23:I25) -> 41.3475
A27: 2.0 | B27: MÃO DE OBRA
A28: 2.1 | B28: Mestre obra | C28: 0.07 | D28: h | E28: 0 | F28: =PRODUCT(E28,C28) -> 0 | G28: 99.98 | H28: =C28*G28 -> 6.9986 | I28: =SUM(F28+H28) -> 6.9986 | J28: 4069 | K28: 99.98
A29: 2.2 | B29: Ferreiros (armador) | C29: 0.35 | D29: h | E29: 0 | F29: =PRODUCT(E29,C29) -> 0 | G29: 22.85 | H29: =C29*G29 -> 7.9975 | I29: =SUM(F29+H29) -> 7.9975 | J29: 378 | K29: 22.85
B30: Total do Item | F30: =SUM(F28:F29) -> 0 | H30: =SUM(H26:H29) -> 14.9961 | I30: =SUM(I28:I29) -> 14.9961
A31: 3.0 | B31: EQUIPAMENTOS
A32: 3.1 | B32: Betoneira 320 L | C32: 0.2 | D32: h | E32: 4.23 | F32: =C32*E32 -> 0.846 | G32: 0 | H32: =PRODUCT(G32,C32) -> 0 | I32: =SUM(F32+H32) -> 0.846 | J32: 646 | K32: 4.23
A33: 3.2 | B33: Bancada serra circular elétrica | C33: 0.2 | D33: h | E33: =K33 -> 1.69 | F33: =C33*E33 -> 0.338 | G33: 0 | H33: =PRODUCT(G33,C33) -> 0 | I33: =SUM(F33+H33) -> 0.338 | J33: 10790 | K33: 1.69
A34: 3.3 | B34: Grupo gerador de 20 a 80 KVA a diesel | C34: 0.4 | D34: h | E34: 79.02 | F34: =C34*E34 -> 31.608 | G34: 0 | H34: =PRODUCT(G34,C34) -> 0 | I34: =SUM(F34+H34) -> 31.608 | J34: 93425 | K34: 79.02
B35: Total do Item | F35: =SUM(F32:F34) -> 32.792 | I35: =SUM(I32:I34) -> 32.792
A36: CUSTO TOTAL | I36: =I26+I30+I35 -> 89.1356
A37: VALOR DO BDI UTILIZADO | I37: 0.2423
A38: CUSTO TOTAL C/ BDI | I38: =I36+(I36*I37) -> 110.73316
B40: Consumo de 600 kg/m³- fck 20 MPa - 1 saco de cimento para 751kg de areia
A43: Composição 3 - Tubulão a céu aberto Ø 100 cm | G43: UNIDADE : UND | J43: CÓDIGO | K43: VALOR
A44: ITEM | B44: DISCRIMINAÇÃO | C44: QUANT | D44: UNID | E44: MATERIAL | G44: MÃO DE OBRA | I44: TOTAL | J44: SINAPI | K44: SINAPI
E45: UNIT | F45: TOTAL | G45: UNIT | H45: TOTAL | J45: 45931 | K45: S/BDI
A46: 1.0 | B46: MATERIAL
A47: 1.1 | B47: Concreto fck = 30 MPa | C47: 18.84 | D47: m³ | E47: 629.36 | F47: =PRODUCT(C47:E47) -> 11857.142 | I47: =SUM(F47+H47) -> 11857.142 | J47: 102477 | K47: 6
A48: 1.2 | B48: Ferro Ø 1/2" (12,5mm) CA-50 | C48: 701.712 | D48: kg | E48: 9.25 | F48: =PRODUCT(E48,C48) -> 6490.836 | G48: 0 | H48: =PRODUCT(G48,C48) -> 0 | I48: =SUM(F48+H48) -> 6490.836 | J48: 43055 | K48: 3.48
A49: 1.3 | B49: Ferro Ø 5,0mm CA-60 | C49: 154.528 | D49: kg | E49: 8.15 | F49: =PRODUCT(E49,C49) -> 1259.4032 | G49: 0 | H49: =PRODUCT(G49,C49) -> 0 | I49: =SUM(F49+H49) -> 1259.4032 | J49: 43061 | K49: 3.62
A50: 1.4 | B50: Tubo de concreto PA-2 - 1000mm | C50: 10 | D50: unid. | E50: 529.79 | F50: =PRODUCT(E50,C50) -> 5297.9 | G50: 0 | H50: =PRODUCT(G50,C50) -> 0 | I50: =SUM(F50+H50) -> 5297.9 | J50: 7765 | K50: 249.72
A51: 1.5 | B51: Arame recozido | C51: 80 | D51: kg | E51: 21.02 | F51: =PRODUCT(E51,C51) -> 1681.6 | G51: 0 | H51: =PRODUCT(G51,C51) -> 0 | I51: =SUM(F51+H51) -> 1681.6 | J51: 43132 | K51: 7.99
B52: Total do Item | F52: =SUM(F47:F51) -> 26586.882 | I52: =SUM(I47:I51) -> 26586.882
A53: 2.0 | B53: MÃO DE OBRA
A54: 2.1 | B54: Mestre obra | C54: 80 | D54: h | E54: 0 | F54: =PRODUCT(E54,C54) -> 0 | G54: 99.98 | H54: =C54*G54 -> 7998.4 | I54: =SUM(F54+H54) -> 7998.4 | J54: 4069 | K54: 44.57
A55: 2.2 | B55: Carpinteiros | C55: 160 | D55: h | E55: 0 | F55: =PRODUCT(E55,C55) -> 0 | G55: 15.68 | H55: =C55*G55 -> 2508.8 | I55: =SUM(F55+H55) -> 2508.8 | J55: 1213 | K55: 13.04
A56: 2.3 | B56: Pedreiros | C56: 160 | D56: h | E56: 0 | F56: =PRODUCT(E56,C56) -> 0 | G56: 18.56 | H56: =C56*G56 -> 2969.6 | I56: =SUM(F56+H56) -> 2969.6 | J56: 4750 | K56: 13.04
A57: 2.4 | B57: Ferreiros (armador) | C57: 160 | D57: h | E57: 0 | F57: =PRODUCT(E57,C57) -> 0 | G57: 18.56 | H57: =C57*G57 -> 2969.6 | I57: =SUM(F57+H57) -> 2969.6 | J57: 378 | K57: 13.04
A58: 2.5 | B58: Serventes | C58: 240 | D58: h | E58: 0 | F58: =PRODUCT(E58,C58) -> 0 | G58: 14.58 | H58: =C58*G58 -> 3499.2 | I58: =SUM(F58+H58) -> 3499.2 | J58: 6111 | K58: 9.96
B59: Total do Item | F59: =SUM(F54:F58) -> 0 | H59: =SUM(H54:H58) -> 19945.6 | I59: =SUM(I54:I58) -> 19945.6
A60: 3.0 | B60: EQUIPAMENTOS
A61: 3.1 | B61: Betoneira 320 L | C61: 80 | D61: h | E61: 4.23 | F61: 338.4 | G61: 0 | H61: =PRODUCT(G61,C61) -> 0 | I61: =SUM(F61+H61) -> 338.4 | J61: 646 | K61: 3.82
A62: 3.2 | B62: Bancada serra circular elétrica | C62: 240 | D62: h | E62: =K62 -> 1.69 | F62: =C62*E62 -> 405.6 | G62: 0 | H62: =PRODUCT(G62,C62) -> 0 | I62: =SUM(F62+H62) -> 405.6 | J62: 10790 | K62: 1.69
A63: 3.3 | B63: Vibrador de imersão | C63: 128 | D63: h | E63: =K63 -> 2.96 | F63: =C63*E63 -> 378.88 | G63: 0 | H63: =PRODUCT(G63,C63) -> 0 | I63: =SUM(F63+H63) -> 378.88 | J63: 10486 | K63: 2.96
A64: 3.4 | B64: Grupo gerador de 20 a 80 KVA a diesel | C64: 320 | D64: h | E64: =K64 -> 10.26 | F64: =C64*E64 -> 3283.2 | G64: 0 | H64: =PRODUCT(G64,C64) -> 0 | I64: =SUM(F64+H64) -> 3283.2 | J64: 3345 | K64: 10.26
A65: 3.5 | B65: Caminhão guincho para lançamento | C65: 16 | D65: h | E65: 335.65 | F65: =C65*E65 -> 5370.4 | G65: 0 | H65: =PRODUCT(G65,C65) -> 0 | I65: =SUM(F65+H65) -> 5370.4 | J65: 15984 | K65: 117
B66: Total do Item | F66: =SUM(F61:F65) -> 9776.48 | I66: =SUM(I61:I65) -> 9776.48
A67: CUSTO TOTAL | I67: =I52+I59+I66 -> 56308.962
A68: VALOR DO BDI UTILIZADO | I68: 0.2423
A69: CUSTO TOTAL C/ BDI | I69: =I67+(I67*I68) -> 69952.623
A70: CUSTO POR M³ S/ BDI | I70: =I67/C47 -> 2988.7984
A73: Composição 4 - Viga de fundação em concreto armado | G73: UNIDADE : m³ | J73: CÓDIGO | K73: VALOR
A74: ITEM | B74: DISCRIMINAÇÃO | C74: QUANT | D74: UNID | E74: MATERIAL | G74: MÃO DE OBRA | I74: TOTAL | J74: SINAPI | K74: SINAPI
E75: UNIT | F75: TOTAL | G75: UNIT | H75: TOTAL | J75: 45931 | K75: S/BDI
A76: 1.0 | B76: MATERIAL
A77: 1.1 | B77: Concreto fck = 30MPa | C77: 20.51 | D77: m³ | E77: 629.36 | F77: =PRODUCT(C77:E77) -> 12908.174 | G77: 0 | H77: 0 | I77: =SUM(F77+H77) -> 12908.174 | J77: 38408 | K77: 372.28
A78: 1.2 | B78: Ferro Ø 5/8" (16,00mm) CA-50 | C78: 1023.462 | D78: kg | E78: 9.25 | F78: =PRODUCT(E78,C78) -> 9467.0235 | G78: 0 | H78: =PRODUCT(G78,C78) -> 0 | I78: =SUM(F78+H78) -> 9467.0235 | J78: 43055 | K78: 3.48
A79: 1.3 | B79: Ferro Ø 1/2" (12,50mm) CA-50 | C79: 125.004 | D79: kg | E79: 9.25 | F79: =PRODUCT(E79,C79) -> 1156.287 | G79: 0 | H79: =PRODUCT(G79,C79) -> 0 | I79: =SUM(F79+H79) -> 1156.287 | J79: 43055 | K79: 3.48
A80: 1.4 | B80: Ferro Ø 5/16" (8,0mm) CA-50 | C80: 369.16 | D80: kg | E80: 9.14 | F80: =PRODUCT(E80,C80) -> 3374.1224 | G80: 0 | H80: =PRODUCT(G80,C80) -> 0 | I80: =SUM(F80+H80) -> 3374.1224 | J80: 33 | K80: 4.3
A81: 1.5 | B81: Forma chapa resinada 18 mm | C81: 48.51 | D81: m² | E81: 101.55 | F81: =PRODUCT(E81,C81) -> 4926.1905 | G81: 0 | H81: =PRODUCT(G81,C81) -> 0 | I81: =SUM(F81+H81) -> 4926.1905 | J81: 1345 | K81: 36.92
A82: 1.6 | B82: Tabua de madeira de 2ª qualidade | C82: 160 | D82: m | E82: =K82 -> 7.66 | F82: =PRODUCT(E82,C82) -> 1225.6 | G82: 0 | H82: =PRODUCT(G82,C82) -> 0 | I82: =SUM(F82+H82) -> 1225.6 | J82: 6193 | K82: 7.66
A83: 1.7 | B83: Desmoldante p/concreto | C83: 13.72 | D83: l | E83: 7.1 | F83: =PRODUCT(E83,C83) -> 97.412 | G83: 0 | H83: =PRODUCT(G83,C83) -> 0 | I83: =SUM(F83+H83) -> 97.412 | J83: 2692 | K83: 4.86
A84: 1.8 | B84: Arame recozido | C84: 57.36 | D84: kg | E84: 21.02 | F84: =PRODUCT(E84,C84) -> 1205.7072 | G84: 0 | H84: =PRODUCT(G84,C84) -> 0 | I84: =SUM(F84+H84) -> 1205.7072 | J84: 43132 | K84: 7.99
B85: Total do Item | F85: =SUM(F77:F84) -> 34360.516 | I85: =SUM(I77:I84) -> 34360.516
A86: 2.0 | B86: MÃO DE OBRA
A87: 2.1 | B87: Mestre obra | C87: 50 | D87: h | E87: 0 | F87: =PRODUCT(E87,C87) -> 0 | G87: 99.98 | H87: =C87*G87 -> 4999 | I87: =SUM(F87+H87) -> 4999 | J87: 4069 | K87: 44.57
A88: 2.2 | B88: Carpinteiros | C88: 60 | D88: h | E88: 0 | F88: =PRODUCT(E88,C88) -> 0 | G88: 15.68 | H88: =C88*G88 -> 940.8 | I88: =SUM(F88+H88) -> 940.8 | J88: 1213 | K88: 13.04
A89: 2.3 | B89: Pedreiros | C89: 60 | D89: h | E89: 0 | F89: =PRODUCT(E89,C89) -> 0 | G89: 18.56 | H89: =C89*G89 -> 1113.6 | I89: =SUM(F89+H89) -> 1113.6 | J89: 4750 | K89: 13.04
A90: 2.4 | B90: Ferreiros (armador) | C90: 60 | D90: h | E90: 0 | F90: =PRODUCT(E90,C90) -> 0 | G90: 18.56 | H90: =C90*G90 -> 1113.6 | I90: =SUM(F90+H90) -> 1113.6 | J90: 378 | K90: 13.04
A91: 2.5 | B91: Serventes | C91: 100 | D91: h | E91: 0 | F91: =PRODUCT(E91,C91) -> 0 | G91: 14.58 | H91: =C91*G91 -> 1458 | I91: =SUM(F91+H91) -> 1458 | J91: 6111 | K91: 9.96
B92: Total do Item | F92: =SUM(F87:F91) -> 0 | H92: =SUM(H87:H91) -> 9625 | I92: =SUM(I87:I91) -> 9625
A93: 3.0 | B93: EQUIPAMENTOS
A94: 3.1 | B94: Betoneira 320 L | C94: 40 | D94: h | E94: 4.23 | F94: =C94*E94 -> 169.2 | G94: 0 | H94: =PRODUCT(G94,C94) -> 0 | I94: =SUM(F94+H94) -> 169.2 | J94: 646 | K94: 3.82
A95: 3.2 | B95: Bancada serra circular elétrica | C95: 80 | D95: h | E95: =K95 -> 1.69 | F95: =C95*E95 -> 135.2 | G95: 0 | H95: =PRODUCT(G95,C95) -> 0 | I95: =SUM(F95+H95) -> 135.2 | J95: 10790 | K95: 1.69
A96: 3.3 | B96: Vibrador de imersão | C96: 100 | D96: h | E96: =K96 -> 2.96 | F96: =C96*E96 -> 296 | G96: 0 | H96: =PRODUCT(G96,C96) -> 0 | I96: =SUM(F96+H96) -> 296 | J96: 10486 | K96: 2.96
A97: 3.4 | B97: Grupo gerador de 20 a 80 KVA a diesel | C97: 100 | D97: h | E97: =K97 -> 10.26 | F97: =C97*E97 -> 1026 | G97: 0 | H97: =PRODUCT(G97,C97) -> 0 | I97: =SUM(F97+H97) -> 1026 | J97: 3345 | K97: 10.26
A98: 3.5 | B98: Caminhão guincho para lançamento | C98: 20 | D98: h | E98: 335.65 | F98: =C98*E98 -> 6713 | G98: 0 | H98: =PRODUCT(G98,C98) -> 0 | I98: =SUM(F98+H98) -> 6713 | J98: 15984 | K98: 117
B99: Total do Item | F99: =SUM(F94:F98) -> 8339.4 | I99: =SUM(I94:I98) -> 8339.4
A100: CUSTO TOTAL | I100: =I85+I92+I99 -> 52324.916
A101: VALOR DO BDI UTILIZADO | I101: 0.2423
A102: CUSTO TOTAL C/ BDI | I102: =I100+(I100*I101) -> 65003.243
A103: CUSTO POR M³ S/ BDI | I103: =I100/C77 -> 2551.1905
A108: Composição 5 - Pilar em concreto 0,2x0,50 x 4,60 m | G108: UNIDADE : m³ | J108: CÓDIGO | K108: VALOR
A109: ITEM | B109: DISCRIMINAÇÃO | C109: QUANT | D109: UNID | E109: MATERIAL | G109: MÃO DE OBRA | I109: TOTAL | J109: SINAPI | K109: SINAPI
E110: UNIT | F110: TOTAL | G110: UNIT | H110: TOTAL | J110: 45931 | K110: S/BDI
A111: 1.0 | B111: MATERIAL
...
